 Dungeon Crawl Stone Soup version 0.30-a0-629-gd54f4be4f7 (webtiles) character file.

Game seed: 16212738876264597701

62 wormed the Thrower (level 4, -3/34 HPs)
             Began as a Gnoll Wanderer on Jan 13, 2023.
             Slain by Natasha (7 damage)
             ... on level 2 of the Dungeon.
             The game lasted 00:02:00 (989 turns).

wormed the Thrower (Gnoll Wanderer)                  Turns: 989, Time: 00:02:00

Health: -3/34      AC:  3    Str: 11    XL:     4   Next: 8%
Magic:  8/8        EV: 11    Int: 11    God:
Gold:   81         SH:  0    Dex: 14    Spells: 8/8 levels left

rFire   . . .      SeeInvis .    c - +3 dagger (freeze)
rCold   . . .      Faith    .    (no shield)
rNeg    . . .      Spirit   .    e - +0 leather armour
rPois   .          Reflect  .    (no helmet)
rElec   .          Harm     .    (no cloak)
rCorr   .          Rampage  .    (no gloves)
Will    .....                    (no boots)
Stlth   +                        (no amulet)
HPRegen 0.25/turn                (no ring)
MPRegen 0.11/turn                (no ring)

@: slowed, very slow
A: fangs 1, strong nose, distributed training
a: no special abilities


You were on level 2 of the Dungeon.
You visited 1 branch of the dungeon, and saw 2 of its levels.

You collected 81 gold pieces.

Inventory:

Hand Weapons
 c - a +3 dagger of freezing (weapon)
Missiles
 a - a poisoned dart (quivered)
 b - 8 boomerangs
Armour
 e - a +0 leather armour (worn)
Jewellery
 j - a ring of fire
Scrolls
 d - a scroll of blinking
 f - a scroll of poison {unknown}
 h - a scroll of identify
 i - a scroll of magic mapping {unknown}
 l - 3 scrolls of teleportation
Potions
 g - a potion of degeneration
 k - 2 potions of curing {unknown}


   Skills:
 + Level 2.7 Fighting
 + Level 2.7 Short Blades
 + Level 1.0 Long Blades
 + Level 1.0 Axes
 + Level 1.0 Maces & Flails
 + Level 1.0 Polearms
 + Level 1.0 Staves
 + Level 1.0 Ranged Weapons
 + Level 10.4 Throwing
 + Level 1.0 Armour
 + Level 1.0 Dodging
 + Level 1.0 Stealth
 + Level 1.0 Shields
 + Level 1.0 Unarmed Combat
 + Level 2.9 Spellcasting
 + Level 0.8 Conjurations
 + Level 0.8 Hexes
 + Level 0.8 Summonings
 + Level 0.8 Necromancy
 + Level 0.8 Translocations
 + Level 3.8 Transmutations
 + Level 0.8 Fire Magic
 + Level 0.8 Ice Magic
 + Level 0.8 Air Magic
 + Level 0.8 Earth Magic
 + Level 0.8 Poison Magic
 + Level 1.1 Invocations
 + Level 1.0 Evocations


You had 8 spell levels left.
You didn't know any spells.
Your spell library contained the following spells:

 Spells                   Type           Power      Damage    Failure   Level
 Beastly Appendage        Tmut           20%        N/A       8%          1
 Sting                    Tmut/Pois      24%        1d4       14%         1
 Spider Form              Tmut/Pois      6%         N/A       38%         3


Dungeon Overview and Level Annotations

Branches:
Dungeon (2/15)

Altars:

Annotations:
D:2 Natasha


Innate Abilities, Weirdness & Mutations

You have very sharp teeth.
Your uncanny sense of smell can sniff out nearby items.
Your experience applies equally to all skills.


Message History

You throw a poisoned dart.
The poisoned dart barely misses Natasha.
The poisoned dart barely misses the crimson imp.
Throw: 2 darts (poison)
Press: ? - help, Q - select action, (/) - cycle Shift-Dir - straight line, f/p - Natasha
Aim: Natasha (59% to hit)
You throw a poisoned dart.
The poisoned dart barely misses Natasha.
Natasha wildly gestures.
Natasha glows brightly for a moment.
Natasha casts a spell at you.
You feel yourself slow down.
You closely miss Natasha. Natasha barely misses you.
You closely miss Natasha. Your bite misses Natasha. Natasha claws you!
Natasha barely misses you.
You hit Natasha. You freeze Natasha.
Natasha is moderately wounded.
Natasha misses you.
The crimson imp blinks!
You hit Natasha. You freeze Natasha.
Natasha is heavily wounded.
Natasha claws you!
You hit Natasha. You freeze Natasha. You bite Natasha.
Natasha is severely wounded.
Natasha stares at you and mumbles some strange words.
You feel as though you will be slow longer.
Natasha claws you!
You closely miss Natasha.
Natasha is severely wounded.
Natasha stares at you and mumbles some strange words.
The magic dart hits you!
* * * LOW HITPOINT WARNING * * *
The crimson imp barely misses you.
You hit Natasha. You freeze Natasha.
Natasha is almost dead.
Natasha misses you. The crimson imp hits you.
* * * LOW HITPOINT WARNING * * *
You barely miss Natasha.
Natasha is almost dead.
Natasha claws you!
You die...

)†#...#...#...#...#...#..#
#...#...#...#.[.#...#....#
..#...#.. ..#...#...#..#
#...#...# .#...#...#....#
#.#...#. .#...#...#...#..#
#...#.. ...#...#...#....#
#.# ..# ∆#...#...#...#..#
# #...#5..#....#
#.@.#.....## #.?h#..##.###
#...#.....#.# #..#
(####...# #. ## ##.# # #.#
#


You could see Natasha and a crimson imp (summoned).

Vanquished Creatures
  An adder (D:2)
  A worm (D:2)
  A dart slug (D:1)
  3 bats (D:1)
  2 endoplasms
  A giant cockroach (D:1)
  7 goblins
  A hobgoblin (D:1)
  7 jackals
  5 kobolds
  8 ball pythons
  2 frilled lizards (D:1)
  4 rats (D:2)
43 creatures vanquished.

Notes
Turn   | Place    | Note
-------+----------+-------------------------------------------
     0 | D:1      | Reached skill level 10 in Throwing
     0 | D:1      | wormed the Gnoll Wanderer began the quest for the Orb.
     0 | D:1      | wormed set off with the following items: a +0 short sword,
                  | 8 boomerangs, a +0 dagger, a scroll of blinking, a +0
                  | leather armour; and the following spells available to
                  | memorise: Beastly Appendage, Sting, Spider Form.
     0 | D:1      | Reached XP level 1. HP: 17/17 MP: 4/4
    99 | D:1      | Reached XP level 2. HP: 5/23 MP: 5/5
   336 | D:1      | Reached XP level 3. HP: 28/28 MP: 7/7
   529 | D:1      | Reached skill level 1 in Invocations
   822 | D:2      | Reached skill level 1 in Long Blades
   822 | D:2      | Reached skill level 1 in Axes
   822 | D:2      | Reached skill level 1 in Maces & Flails
   822 | D:2      | Reached skill level 1 in Polearms
   822 | D:2      | Reached skill level 1 in Staves
   822 | D:2      | Reached skill level 1 in Ranged Weapons
   822 | D:2      | Reached skill level 1 in Armour
   822 | D:2      | Reached skill level 1 in Dodging
   822 | D:2      | Reached skill level 1 in Stealth
   822 | D:2      | Reached skill level 1 in Shields
   822 | D:2      | Reached skill level 1 in Unarmed Combat
   822 | D:2      | Reached skill level 1 in Evocations
   917 | D:2      | Reached XP level 4. HP: 34/34 MP: 8/8
   978 | D:2      | Noticed Natasha
   989 | D:2      | Slain by Natasha

Illustrated notes

Levels and vault maps discovered:
D:1:      dpeg_arrival_radiant, layout_basic, minmay_tetromino_t4
D:2:      layout_rooms, serial_shops, shop_scrolls, hex_large, uniq_natasha

Skill      XL: |  1  2  3 |
---------------+----------+-----
Throwing       | | 10.4
Invocations    | 1 |  1.1
Long Blades    | 1 |  1.0
Axes           | 1 |  1.0
Maces & Flails | 1 |  1.0
Polearms       | 1 |  1.0
Staves         | 1 |  1.0
Ranged Weapons | 1 |  1.0
Armour         | 1 |  1.0
Dodging        | 1 |  1.0
Stealth        | 1 |  1.0
Shields        | 1 |  1.0
Unarmed Combat | 1 |  1.0
Evocations     | 1 |  1.0
Fighting       | |  2.7
Short Blades   | |  2.7
Spellcasting   | |  2.9
Conjurations   | |  0.8
Hexes          | |  0.8
Summonings     | |  0.8
Necromancy     | |  0.8
Translocations | |  0.8
Transmutations | |  3.8
Fire Magic     | |  0.8
Ice Magic      | |  0.8
Air Magic      | |  0.8
Earth Magic    | |  0.8
Poison Magic   | |  0.8

Action                   |  1- 3 |  4- 6 || total
-------------------------+-------+-------++-------
Melee: Short sword       |    30 |       ||    30
       Bite              |     7 |     2 ||     9
       Dagger            |    73 |    14 ||    87
Throw: Boomerang         |     1 |       ||     1
       Dart              |       |     3 ||     3
  Use: Scroll            |     4 |       ||     4
 Stab: Distracted        |     1 |       ||     1
       Sleeping          |     1 |       ||     1
Armor: Leather armour    |    33 |     2 ||    35
Dodge: Dodged            |    72 |     7 ||    79

Table legend: (Time is in decaauts)
 A = Elapsed time spent in this place.
 B = Non-inter-level travel time spent in this place.
 C = Inter-level travel time spent in this place.
 D = Time resting spent in this place.
 E = Time spent auto-exploring this place.
 F = Levels seen in this place.
 G = Mean time per level.
                   A        B        C        D        E       F      G
               +--------+--------+--------+--------+--------+-----+--------+
         Total |    976 |    959 |     17 |      0 |    723 |   2 |  488.0 |
       Dungeon |    976 |    959 |     17 |      0 |    723 |   2 |  488.0 |
               +--------+--------+--------+--------+--------+-----+--------+

Top non-repeatable levels by time:
     D:1: 805 daAuts
     D:2: 170 daAuts
